 Dungeon Crawl Stone Soup version 0.28.0-43-g3370ac3207 (webtiles) character file.

Game seed: 10214896357853184235

1304 pkoi the Insei (level 8, -1/69 HPs)
             Began as a Green Draconian Monk on Mar 15, 2022.
             Was a Priest of Sif Muna.
             Slain by Maggie
             ... wielding a +1 vorpal war axe
              (5 damage)
             ... on level 7 of the Dungeon.
             The game lasted 00:08:54 (7630 turns).

pkoi the Insei (Green Draconian Monk)               Turns: 7630, Time: 00:08:55

Health: -1/69      AC:  6    Str: 16 (19) XL:     8   Next: 31%
Magic:  5/12       EV: 13    Int: 10 (13) God:    Sif Muna [***...]
Gold:   228        SH:  0    Dex: 13 (14) Spells: 4/12 levels left

rFire   + . .      SeeInvis .     - Unarmed
rCold   + . .      Faith    .   (no shield)
rNeg    + . .      Spirit   .   (armour unavailable)
rPois   +          Reflect  .   (helmet restricted)
rElec   +          Harm     .   (no cloak)
rCorr   +          Rampage  .   (no gloves)
Will    .....                   (no boots)
Stlth   ++........              (no amulet)
HPRegen 0.21/turn               c - +6 ring of strength
MPRegen 0.13/turn               a - ring of Feux {rElec rN+}

@: short of breath, resistant, mesmerised
A: breathe noxious fumes, AC +6, unfitting armour, poison resistance,
cold-blooded
a: Breathe Noxious Fumes, Renounce Religion, Channel Magic, Forget Spell


You were on level 7 of the Dungeon.
You worshipped Sif Muna.
Sif Muna was most pleased with you.
You visited 1 branch of the dungeon, and saw 7 of its levels.

You collected 273 gold pieces.
You spent 45 gold pieces at shops.

Inventory:

Hand Weapons
 d - a +0 dagger
 i - the +6 mace of Dithmenos's Pride {antimagic, +Blink Str-4 Int+7 Dex+3}
   (You found it on level 2 of the Dungeon)

   It reduces the magical energy of the wielder, and disrupts the spells and
   magical abilities of those it strikes.
   Natural abilities and divine invocations are not affected.
   Str:       It affects your strength (-4).
   Int:       It affects your intelligence (+7).
   Dex:       It affects your dexterity (+3).
   +Blink:    It lets you blink.
Missiles
 b - a throwing net
 e - 2 poisoned darts (quivered)
 s - 2 curare-tipped darts
Jewellery
 a - the ring of Feux (right hand) {rElec rN+}
   (You acquired it on level 6 of the Dungeon)

   [ring of positive energy]

   rElec:     It insulates you from electricity.
   rN:        It protects you from negative energy.
 c - a +6 ring of strength (left hand)
Scrolls
 g - a scroll of fear
 k - 3 scrolls of teleportation
 l - a scroll of identify
 n - a scroll of magic mapping {unknown}
Potions
 h - a potion of flight
 m - a potion of berserk rage
 q - a potion of cancellation {unknown}
 t - 2 potions of curing
 u - a potion of magic {unknown}
 v - a potion of brilliance {unknown}


   Skills:
 + Level 5.5 Fighting
 - Level 4.0 Dodging
 - Level 1.7 Stealth
 * Level 7.0 Unarmed Combat
 + Level 2.9 Spellcasting
 + Level 3.0 Hexes
 + Level 1.3 Transmutations
 - Level 2.0 Evocations


You had 4 spell levels left.
You knew the following spells:

 Your Spells              Type           Power      Damage    Failure   Level
a - Confusing Touch       Hex            7%         N/A       24%         3
b - Yara's Violent Unrav  Hex/Tmut       2%         3d3       97%         5

Your spell library contained the following spells:

 Spells                   Type           Power      Damage    Failure   Level
 Freeze                   Ice            4%         1d3       28%         1
 Magic Dart               Conj           4%         1d3       28%         1
 Searing Ray              Conj           2%         2d4       41%         2
 Static Discharge         Conj/Air       1%         N/A       41%         2
 Ignite Poison            Fire/Tmut/Pois 2%         N/A       56%         3
 Mephitic Cloud           Conj/Pois/Air  1%         N/A       65%         3
 Fulminant Prism          Conj/Hex       2%         3d6       83%         4
 Freezing Cloud           Conj/Ice/Air   0%         6-21      100%        5
 Lightning Bolt           Conj/Air       0%         1d11      100%        5
 Enfeeble                 Hex            3%         N/A       100%        7
 Maxwell's Capacitive Co  Air            0%         ∞         100%        8


Dungeon Overview and Level Annotations

Branches:
Dungeon (7/15)
 Temple: D:4-7

Altars:
Hepliaklqana
Qazlal
Ru
Sif Muna
Trog

Shops:
D:5 ?

Annotations:
D:4 Blork the orc
D:7 Maggie


Innate Abilities, Weirdness & Mutations

You can breathe blasts of noxious fumes.
Your lurid green scales are hard. (AC +6)
You cannot fit into any form of body armour.
Your system is resistant to poisons. (rPois)
You are cold-blooded and may be slowed by cold attacks.


Message History

You punch Maggie, but do no damage.
Maggie is moderately wounded.
Maggie hits you with a +1 vorpal war axe!
* * * LOW HITPOINT WARNING * * *
x2 You barely miss Maggie.
Maggie is moderately wounded.
Maggie mumbles some strange words.
Maggie draws you further into her thrall.
Maggie mumbles the words to a spell, but in the wrong order.
Maggie misses you.
You feel magic returning to you.
You are now empty-handed.
You aren't carrying any items that you can evoke.
You are too mesmerised to rage.
It was a potion of resistance.
You feel protected.
Maggie casts a spell.
Maggie draws you further into her thrall.
You closely miss Maggie.
Maggie is moderately wounded.
Maggie closely misses you.
You barely miss Maggie. You tail-slap Maggie, but do no damage.
Maggie is moderately wounded.
Maggie completely misses you.
You hit Maggie but do no damage.
Maggie is moderately wounded.
Maggie completely misses you.
You punch Maggie!
Maggie is moderately wounded.
You punch Maggie!
Maggie is heavily wounded.
Maggie hits you with a +1 vorpal war axe!
* * * LOW HITPOINT WARNING * * *
x2 You barely miss Maggie.
You tail-slap Maggie, but do no damage.
Maggie is heavily wounded.
Maggie hits you but does no damage.
It was a potion of degeneration.
There was something very wrong with that liquid.
You feel weakened.
You feel dopey.
You feel clumsy.
Maggie hits you with a +1 vorpal war axe.
You die...

... .Z# #@#
#.# #.# #.#
#.#
#.##########
#......@@..#
##########.#
#.# #.#####
#.....#
#####.#
#...# #.###
#.#


You could see Maggie (mesmerising).

Vanquished Creatures
  A water moccasin (D:5)
  A black bear (D:5)
  2 necrophages
  A phantom (D:6)
  A bullfrog (D:6)
  A scorpion (D:4)
  5 wights (D:6)
  A jelly (D:5)
  2 hounds
  3 orc priests
  3 iguanas
  A bullfrog skeleton (D:5)
  3 orc wizards
  A gnoll (D:3)
  3 adders (D:3)
  2 white imps
  2 ufetubi
  A dart slug (D:4)
  21 orcs
  2 ball pythons
  5 endoplasms
  3 giant cockroaches
  4 goblins
  4 hobgoblins
  4 jackals
  4 quokkas
  3 bats
  A frilled lizard (D:3)
  5 kobolds
  7 rats
97 creatures vanquished.

Vanquished Creatures (collateral kills)
  A killer bee zombie (D:6)
1 creature vanquished.

Grand Total: 98 creatures vanquished

Notes
Turn   | Place    | Note
-------+----------+-------------------------------------------
     0 | D:1      | pkoi the Draconian Monk began the quest for the Orb.
     0 | D:1      | Reached XP level 1. HP: 19/19 MP: 1/1
   400 | D:1      | Reached XP level 2. HP: 20/26 MP: 2/2
   917 | D:2      | Identified the +6 mace of Dithmenos's Pride {antimagic,
                  | +Blink Str-4 Int+7 Dex+3}
  1106 | D:2      | Reached skill level 4 in Unarmed Combat
  1458 | D:2      | Reached XP level 3. HP: 25/31 MP: 1/3
  2075 | D:3      | Found a faded altar of an unknown god.
  2278 | D:3      | Reached skill level 1 in Evocations
  2278 | D:3      | Reached XP level 4. HP: 31/39 MP: 1/4
  2674 | D:3      | Learned a level 3 spell: Confusing Touch
  2714 | D:3      | Found a stormy altar of Qazlal.
  2715 | D:3      | Found a sacrificial altar of Ru.
  2890 | D:3      | Found a shimmering blue altar of Sif Muna.
  3159 | D:3      | Got Sif Muna's Volume of the Glacier
  3165 | D:3      | Found a bloodstained altar of Trog.
  3426 | D:3      | Became a worshipper of Sif Muna the Loreminder
  3426 | D:3      | Reached * piety under Sif Muna
  3426 | D:3      | Reached ** piety under Sif Muna
  3464 | D:4      | Reached XP level 5. HP: 36/46 MP: 5/5
  3634 | D:4      | Noticed Blork the orc
  4172 | D:4      | Reached skill level 5 in Unarmed Combat
  4172 | D:4      | Reached XP level 6. HP: 24/52 MP: 5/7
  4353 | D:4      | Found a hazy altar of Hepliaklqana.
  4354 | D:4      | Found a faded altar of an unknown god.
  4708 | D:5      | Entered Level 5 of the Dungeon
  4712 | D:5      | Noticed a water moccasin
  4727 | D:5      | Killed a water moccasin
  4728 | D:5      | Reached skill level 1 in Spellcasting
  4728 | D:5      | Reached skill level 1 in Hexes
  5460 | D:5      | Your scales start taking on a lurid green colour.
  5460 | D:5      | Reached XP level 7. HP: 58/60 MP: 9/9
  5460 | D:5      | Gained mutation: Your system is resistant to poisons.
                  | (rPois) [Green Draconian growth]
  5707 | D:5      | Found Loaco's Magic Scroll Shop.
  5723 | D:5      | Bought a scroll of teleportation for 45 gold pieces
  6189 | D:6      | Reached skill level 6 in Unarmed Combat
  6193 | D:6      | Identified a scroll of acquirement
  6193 | D:6      | Acquired the ring of Feux {rElec rN+}
  6264 | D:5      | Reached skill level 5 in Fighting
  6577 | D:6      | Learned a level 5 spell: Yara's Violent Unravelling
  6658 | D:6      | Reached XP level 8. HP: 63/68 MP: 11/11
  6718 | D:6      | Reached *** piety under Sif Muna
  6729 | D:6      | Reached skill level 1 in Transmutations
  7108 | D:6      | Reached skill level 7 in Unarmed Combat
  7593 | D:7      | Noticed Maggie
  7630 | D:7      | Slain by Maggie

Illustrated notes

Levels and vault maps discovered:
D:1:      shiori_shiawase, layout_basic, minmay_cupped
D:2:      layout_rooms
D:3:      layout_basic, nzn_overflow_gifts_of_might_and_magic,
          mainiacjoe_overflow_divided_tiny,
          hellmonk_ecumenical_altar_pennies_from_heaven
D:4:      layout_rooms, beargit_hepliaklqana_dungeon_heroes,
          nicolae_uskayaw_en_pointe, minmay_temple_entry_arrows, serial_glass,
          glass_columns_a, glass_columns_a, feat_on_display, feat_on_display,
          item_on_display_a, uniq_blork_the_orc
D:5:      layout_loops_ring, serial_shops, nicolae_diamond_shop,
          chequers_serial_rivers_micro_e, grunt_ministairs_12
D:6:      layout_basic
D:7:      layout_basic, biasface_ghost_orc_armoury, uniq_duvessa, uniq_maggie

Skill      XL: |  1  2  3  4  5  6  7  8 |
---------------+-------------------------+-----
Unarmed Combat | 4 5 6 7 |  7.0
Dodging        | 3 4 |  4.0
Evocations     | 1 2 |  2.0
Fighting       | 4 5 |  5.5
Spellcasting   | 1 2 |  2.9
Hexes          | 1 2 3 |  3.0
Transmutations | 1 |  1.3
Stealth        | |  1.7

Action                   |  1- 3 |  4- 6 |  7- 9 || total
-------------------------+-------+-------+-------++-------
Melee: Unarmed           |    48 |   152 |   158 ||   358
       Dagger            |     7 |       |       ||     7
       Punch             |     1 |     6 |    11 ||    18
       Mace              |    43 |    14 |     4 ||    61
       Tailslap          |     5 |    24 |    23 ||    52
 Abil: Breathe Noxious F |       |       |     4 ||     4
  Use: Potion            |       |     4 |     2 ||     6
       Scroll            |       |       |    10 ||    10
 Stab: Sleeping          |     7 |     1 |       ||     8
Armor: Skin              |    36 |    53 |    48 ||   137
Dodge: Dodged            |    55 |    85 |    75 ||   215
